TOP OF THE 1ST |
Fresno Grizzlies batting - Pitching for Scranton WB RailRiders : RHP Edwin Espinal
|
Pitching: RHP Edwin Espinal
|
|
Batting: SHB Bryan Johnston
|
0-0: Ball 1-0: Ball 2-0: Ball 3-0: Called Strike 3-1: Called Strike 3-2: Foul Ball, location: 2F 3-2: Strikes out swinging, 2-3 out at first.
|
Batting: RHB Ramon Castellon
|
0-0: Ball 1-0: Swinging Strike 1-1: Swinging Strike 1-2: Ball 2-2: Ball 3-2: Base on Balls
|
Batting: LHB Jimmy Edlin
|
0-0: Ball 1-0: Called Strike 1-1: SINGLE (Groundball, 6MD, EV 105.6 MPH) Ramon Castellon to second
|
Batting: RHB Marty King
|
0-0: Fly out, F4 (Popup, 4, EV 63.8 MPH)
|
Batting: RHB Mark Marks
|
0-0: Ball 1-0: Ball 2-0: Swinging Strike 2-1: SINGLE (Groundball, 56S, EV 67.5 MPH) (infield hit) Ramon Castellon to third Jimmy Edlin to second
|
Batting: RHB Nick Deegan
|
0-0: Foul Ball, location: 2F 0-1: Ball 1-1: Fly out, F9 (Line Drive, 9S, EV 105.0 MPH)
|
Top of the 1st over - 0 runs, 2 hits, 0 errors, 3 left on base; Fresno 0 - Scranton WB 0 |
BOTTOM OF THE 1ST |
Scranton WB RailRiders batting - Pitching for Fresno Grizzlies : RHP Josh Holloway
|
Pitching: RHP Josh Holloway
|
|
Batting: RHB Andy Wasierski
|
0-0: Ball 1-0: Ball 2-0: Ball 3-0: Called Strike 3-1: Base on Balls
|
Batting: LHB Aaron Joyner
|
0-0: Ball 1-0: Ball 2-0: Called Strike 2-1: Foul Ball, location: 2F 2-2: Foul Ball, location: 2F 2-2: Ball 3-2: DOUBLE (Flyball, 7LD, EV 100.6 MPH) Andy Wasierski to third Andy Wasierski scores
|
Batting: SHB Mukhtar Wa'il
|
0-0: Ball 1-0: Called Strike 1-1: Foul Ball, location: 2F 1-2: Strikes out swinging
|
Batting: SHB Ryan Buchbinder
|
0-0: Ball 1-0: Called Strike 1-1: Swinging Strike 1-2: Strikes out looking
|
Batting: RHB Jerry Castro
|
0-0: Swinging Strike 0-1: Called Strike 0-2: Ball 1-2: Strikes out swinging
|
Bottom of the 1st over - 1 run, 1 hit, 0 errors, 1 left on base; Fresno 0 - Scranton WB 1 |
TOP OF THE 2ND |
Fresno Grizzlies batting - Pitching for Scranton WB RailRiders : RHP Edwin Espinal
|
Batting: RHB Edgar Trejo
|
0-0: Called Strike 0-1: Swinging Strike 0-2: Foul Ball, location: 2F 0-2: Ball 1-2: Foul Ball, location: 2F 1-2: Strikes out looking
|
Batting: RHB Xavier Castaneda
|
0-0: Ball 1-0: Foul Ball, location: 2F 1-1: Ball 2-1: Swinging Strike 2-2: Ball 3-2: Ground out 6-3 (Groundball, 6, EV 85.6 MPH)
|
Batting: SHB Danny Jensen
|
0-0: Ball 1-0: SINGLE (Groundball, 13S, EV 74.4 MPH) (infield hit)
|
Batting: SHB Bryan Johnston
|
0-0: Ball 1-0: Ball 2-0: Called Strike 2-1: Ball 3-1: Fly out, F7 (Line Drive, 7S, EV 103.1 MPH)
|
Top of the 2nd over - 0 runs, 1 hit, 0 errors, 1 left on base; Fresno 0 - Scranton WB 1 |
BOTTOM OF THE 2ND |
Scranton WB RailRiders batting - Pitching for Fresno Grizzlies : RHP Josh Holloway
|
Batting: SHB Jose Vargas
|
0-0: Ball 1-0: SINGLE (Line Drive, 8RS, EV 111.9 MPH)
|
Batting: SHB Joe Fure
|
Pickoff Throw to First - Out! 1-3 0-0: Ground out 5-3 (Groundball, 56S, EV 87.5 MPH)
|
Batting: RHB Josh Zoglmann
|
0-0: Ball 1-0: Called Strike 1-1: Swinging Strike 1-2: DOUBLE (Line Drive, 7LM, EV 95.0 MPH)
|
Batting: RHB Jordan Barragan
|
0-0: SINGLE (Flyball, 89S, EV 90.0 MPH) Josh Zoglmann to third Runner from 3rd tries for Home, SAFE, throw by RF to home
|
Batting: RHB Andy Wasierski
|
0-0: Ball 1-0: Ball 2-0: Called Strike 2-1: Called Strike Jordan Barragan is caught stealing 2nd base 2-4
|
Bottom of the 2nd over - 1 run, 3 hits, 0 errors, 0 left on base; Fresno 0 - Scranton WB 2 |
TOP OF THE 3RD |
Fresno Grizzlies batting - Pitching for Scranton WB RailRiders : RHP Edwin Espinal
|
Batting: RHB Ramon Castellon
|
0-0: SINGLE (Flyball, 3D, EV 88.1 MPH)
|
Batting: LHB Jimmy Edlin
|
0-0: Called Strike 0-1: Ball 1-1: Swinging Strike 1-2: Ball 2-2: Ball 3-2: Base on Balls Ramon Castellon to second
|
Batting: RHB Marty King
|
0-0: Foul Ball, location: 2F 0-1: Grounds into double play, 6-4-3 (Groundball, 6, EV 86.2 MPH) Ramon Castellon to third
|
Batting: RHB Mark Marks
|
0-0: Ball 1-0: Called Strike 1-1: Swinging Strike 1-2: Strikes out swinging
|
Top of the 3rd over - 0 runs, 1 hit, 0 errors, 1 left on base; Fresno 0 - Scranton WB 2 |
BOTTOM OF THE 3RD |
Scranton WB RailRiders batting - Pitching for Fresno Grizzlies : RHP Josh Holloway
|
Batting: RHB Andy Wasierski
|
0-0: Ball 1-0: Foul Ball, location: 2F 1-1: Swinging Strike 1-2: Ground out 5-3 (Groundball, 56S, EV 91.2 MPH)
|
Batting: LHB Aaron Joyner
|
0-0: Ball 1-0: SOLO HOME RUN (Flyball, 9LD, EV 95.6 MPH), Distance : 342 ft
|
Batting: SHB Mukhtar Wa'il
|
0-0: Ball 1-0: Ball 2-0: Called Strike 2-1: SINGLE (Groundball, 13, EV 89.4 MPH) (infield hit)
|
Batting: SHB Ryan Buchbinder
|
0-0: DOUBLE (Line Drive, 5D, EV 108.8 MPH) Mukhtar Wa'il to third Runner from 3rd tries for Home, SAFE, throw by LF to home
|
Batting: RHB Jerry Castro
|
0-0: Ball 1-0: Foul Ball, location: 2F 1-1: Ball 2-1: Ball 3-1: Foul Ball, location: 2F 3-2: SINGLE (Line Drive, 78S, EV 113.1 MPH) Ryan Buchbinder to third
|
Batting: SHB Jose Vargas
|
0-0: Called Strike 0-1: Called Strike 0-2: Ball 1-2: Fly out, F8 (Flyball, 8LXD, EV 85.0 MPH) Runner from 3rd tags up, SCORES, no throw by CF
|
Pitching: LHP Curt Joseph
|
|
Batting: SHB Joe Fure
|
0-0: Ball 1-0: Ball 2-0: Called Strike 2-1: Called Strike 2-2: Foul Ball, location: 2F 2-2: Strikes out swinging
|
Bottom of the 3rd over - 3 runs, 4 hits, 0 errors, 1 left on base; Fresno 0 - Scranton WB 5 |
TOP OF THE 4TH |
Fresno Grizzlies batting - Pitching for Scranton WB RailRiders : RHP Edwin Espinal
|
Batting: RHB Nick Deegan
|
0-0: Ball 1-0: Ball 2-0: Ball 3-0: Base on Balls
|
Batting: RHB Edgar Trejo
|
0-0: Ball 1-0: Grounds into double play, 4-6-3 (Groundball, 4, EV 101.9 MPH)
|
Batting: RHB Xavier Castaneda
|
0-0: Ball 1-0: Called Strike 1-1: Foul Ball, location: 2F 1-2: Fly out, F8 (Flyball, 8RM, EV 94.4 MPH)
|
Top of the 4th over - 0 runs, 0 hits, 0 errors, 0 left on base; Fresno 0 - Scranton WB 5 |
BOTTOM OF THE 4TH |
Scranton WB RailRiders batting - Pitching for Fresno Grizzlies : LHP Curt Joseph
|
Batting: RHB Josh Zoglmann
|
0-0: Ball 1-0: Ball 2-0: Ball 3-0: Called Strike 3-1: Foul Ball, location: 2F 3-2: Base on Balls
|
Batting: RHB Jordan Barragan
|
0-0: Foul Ball, location: 2F 0-1: Ball 1-1: Fly out, F8 (Flyball, 89D, EV 102.5 MPH)
|
Batting: RHB Andy Wasierski
|
0-0: Called Strike 0-1: Ball 1-1: Called Strike 1-2: Strikes out swinging
|
Batting: LHB Aaron Joyner
|
0-0: Called Strike 0-1: Ball 1-1: SINGLE (Line Drive, 7S, EV 105.6 MPH) Josh Zoglmann to second
|
Batting: SHB Mukhtar Wa'il
|
0-0: Swinging Strike 0-1: Called Strike 0-2: Ball 1-2: Strikes out looking
|
Bottom of the 4th over - 0 runs, 1 hit, 0 errors, 2 left on base; Fresno 0 - Scranton WB 5 |
TOP OF THE 5TH |
Fresno Grizzlies batting - Pitching for Scranton WB RailRiders : RHP Edwin Espinal
|
Batting: SHB Danny Jensen
|
0-0: Ball 1-0: Ball 2-0: Called Strike 2-1: Called Strike 2-2: Fly out, F7 (Flyball, 7, EV 93.8 MPH)
|
Batting: SHB Bryan Johnston
|
0-0: Called Strike 0-1: Foul Ball, location: 2F 0-2: Strikes out swinging
|
Batting: RHB Ramon Castellon
|
0-0: Ball 1-0: Called Strike 1-1: Ball 2-1: Foul Ball, location: 2F 2-2: SINGLE (Groundball, 56D, EV 98.8 MPH)
|
Batting: LHB Jimmy Edlin
|
0-0: Called Strike 0-1: Swinging Strike 0-2: Strikes out swinging
|
Top of the 5th over - 0 runs, 1 hit, 0 errors, 1 left on base; Fresno 0 - Scranton WB 5 |
BOTTOM OF THE 5TH |
Scranton WB RailRiders batting - Pitching for Fresno Grizzlies : LHP Curt Joseph
|
Batting: SHB Ryan Buchbinder
|
0-0: Ball 1-0: Called Strike 1-1: Ball 2-1: Foul Ball, location: 2F 2-2: Strikes out swinging
|
Batting: RHB Jerry Castro
|
0-0: Called Strike 0-1: Ball 1-1: Ball 2-1: Foul Ball, location: 2F 2-2: Ball 3-2: SOLO HOME RUN (Flyball, 9D, EV 95.0 MPH), Distance : 359 ft
|
Batting: SHB Jose Vargas
|
0-0: Ball 1-0: Called Strike 1-1: Called Strike 1-2: Strikes out swinging
|
Batting: SHB Joe Fure
|
0-0: Ball 1-0: Swinging Strike 1-1: Foul Ball, location: 2F 1-2: Fly out, F9 (Flyball, 9, EV 83.8 MPH)
|
Bottom of the 5th over - 1 run, 1 hit, 0 errors, 0 left on base; Fresno 0 - Scranton WB 6 |
TOP OF THE 6TH |
Fresno Grizzlies batting - Pitching for Scranton WB RailRiders : RHP Edwin Espinal
|
Batting: RHB Marty King
|
0-0: Ball 1-0: Ball 2-0: Ball 3-0: Called Strike 3-1: Called Strike 3-2: Fly out, F8 (Flyball, 8RD, EV 88.8 MPH)
|
Batting: RHB Mark Marks
|
0-0: Called Strike 0-1: Ball 1-1: Ground out 6-3 (Groundball, 6, EV 85.6 MPH)
|
Batting: RHB Nick Deegan
|
0-0: Called Strike 0-1: Called Strike 0-2: Ball 1-2: Foul Ball, location: 2F 1-2: Foul Ball, location: 2F 1-2: Foul Ball, location: 2F 1-2: Ball 2-2: Ball 3-2: Ground out 5-3 (Groundball, 5, EV 84.4 MPH)
|
Top of the 6th over - 0 runs, 0 hits, 0 errors, 0 left on base; Fresno 0 - Scranton WB 6 |
BOTTOM OF THE 6TH |
Scranton WB RailRiders batting - Pitching for Fresno Grizzlies : LHP Curt Joseph
|
Batting: RHB Josh Zoglmann
|
0-0: Ground out 6-3 (Groundball, 6S, EV 86.2 MPH)
|
Batting: RHB Jordan Barragan
|
0-0: Fly out, F9 (Line Drive, 89D, EV 97.5 MPH)
|
Batting: RHB Andy Wasierski
|
0-0: Fly out, F8 (Flyball, 8RD, EV 110.0 MPH)
|
Bottom of the 6th over - 0 runs, 0 hits, 0 errors, 0 left on base; Fresno 0 - Scranton WB 6 |
TOP OF THE 7TH |
Fresno Grizzlies batting - Pitching for Scranton WB RailRiders : RHP Edwin Espinal
|
Pitching: RHP Devon Wiley
|
|
Batting: RHB Edgar Trejo
|
0-0: Ball 1-0: Ground out 1-3 (Groundball, 13S, EV 69.4 MPH)
|
Batting: RHB Xavier Castaneda
|
0-0: Ball 1-0: Swinging Strike 1-1: Ground out 4-3 (Groundball, 4, EV 87.5 MPH)
|
Batting: SHB Danny Jensen
|
0-0: Ball 1-0: Foul Ball, location: 2F 1-1: Swinging Strike 1-2: Ball 2-2: Ground out 6-3 (Groundball, 6, EV 98.8 MPH)
|
Top of the 7th over - 0 runs, 0 hits, 0 errors, 0 left on base; Fresno 0 - Scranton WB 6 |
BOTTOM OF THE 7TH |
Scranton WB RailRiders batting - Pitching for Fresno Grizzlies : LHP Curt Joseph
|
Pitching: RHP Jorge Aguilar
|
|
Batting: LHB Aaron Joyner
|
0-0: Ground out 5-3 (Groundball, 5, EV 83.8 MPH)
|
Batting: SHB Mukhtar Wa'il
|
0-0: Fly out, F8 (Flyball, 78D, EV 84.4 MPH)
|
Batting: SHB Ryan Buchbinder
|
0-0: Ball 1-0: Called Strike 1-1: Ball 2-1: SINGLE (Groundball, 4MD, EV 97.5 MPH)
|
Batting: RHB Jerry Castro
|
0-0: Foul Ball, location: 2F 0-1: Foul Ball, location: 2F 0-2: Strikes out swinging
|
Bottom of the 7th over - 0 runs, 1 hit, 0 errors, 1 left on base; Fresno 0 - Scranton WB 6 |
TOP OF THE 8TH |
Fresno Grizzlies batting - Pitching for Scranton WB RailRiders : RHP Devon Wiley
|
Batting: SHB Bryan Johnston
|
0-0: Called Strike 0-1: Ball 1-1: Ball 2-1: Foul Ball, location: 2F 2-2: Strikes out swinging
|
Batting: RHB Ramon Castellon
|
0-0: Called Strike 0-1: Ball 1-1: Foul Ball, location: 2F 1-2: Ball 2-2: Ball 3-2: SINGLE (Line Drive, 6MD, EV 108.1 MPH)
|
Pitching: RHP Whitney Batten
|
|
Batting: LHB Jimmy Edlin
|
0-0: Called Strike 0-1: Foul Ball, location: 2F 0-2: SINGLE (Groundball, 6MS, EV 67.5 MPH) (infield hit) Ramon Castellon to second
|
Batting: RHB Marty King
|
0-0: Ball 1-0: Grounds into double play, 4-6-3 (Groundball, 4, EV 84.4 MPH)
|
Top of the 8th over - 0 runs, 2 hits, 0 errors, 1 left on base; Fresno 0 - Scranton WB 6 |
BOTTOM OF THE 8TH |
Scranton WB RailRiders batting - Pitching for Fresno Grizzlies : RHP Jorge Aguilar
|
Batting: SHB Jose Vargas
|
0-0: Ball 1-0: SINGLE (Groundball, 34D, EV 95.0 MPH)
|
Batting: SHB Joe Fure
|
0-0: Foul Ball, location: 2F 0-1: Ball 1-1: Ball 2-1: Fly out, F8 (Flyball, 8RM, EV 96.2 MPH)
|
Batting: RHB Josh Zoglmann
|
0-0: Called Strike 0-1: SINGLE (Flyball, 3D, EV 95.0 MPH) Jose Vargas to second
|
Batting: RHB Jordan Barragan
|
0-0: Ball 1-0: Fly out, F9 (Flyball, 89M, EV 85.6 MPH)
|
Batting: RHB Andy Wasierski
|
0-0: Swinging Strike 0-1: Ball 1-1: Foul Ball, location: 2F 1-2: Foul Ball, location: 2F 1-2: Ball 2-2: Reached on error, E6 (Groundball, 6, EV 102.5 MPH) Jose Vargas to third Josh Zoglmann to second
|
Batting: LHB Aaron Joyner
|
0-0: Called Strike 0-1: Ball 1-1: Ground out 4-3 (Groundball, 4S, EV 71.2 MPH)
|
Bottom of the 8th over - 0 runs, 2 hits, 1 error, 3 left on base; Fresno 0 - Scranton WB 6 |
TOP OF THE 9TH |
Fresno Grizzlies batting - Pitching for Scranton WB RailRiders : RHP Whitney Batten
|
Batting: RHB Mark Marks
|
0-0: Ball 1-0: Ball 2-0: Ball 3-0: Base on Balls
|
Batting: RHB Nick Deegan
|
0-0: Ball 1-0: Called Strike 1-1: Grounds into double play, 6-4-3 (Groundball, 6M, EV 103.1 MPH)
|
Batting: RHB Edgar Trejo
|
0-0: Swinging Strike 0-1: Ball 1-1: Swinging Strike 1-2: Foul Ball, location: 2F 1-2: SINGLE (Groundball, 56D, EV 103.1 MPH)
|
Batting: RHB Xavier Castaneda
|
0-0: Ball 1-0: Swinging Strike 1-1: Swinging Strike 1-2: Strikes out swinging
|
Top of the 9th over - 0 runs, 1 hit, 0 errors, 1 left on base; Fresno 0 - Scranton WB 6 |
|